 Dungeon Crawl Stone Soup version 0.30-a0-557-ge2afbf3030 (webtiles) character file.

Game seed: 14212671216778570357

16 Newt the Shooter (level 2, -1/17 HPs)
             Began as a Kobold Hunter on Dec 27, 2022.
             Slain by a goblin
             ... wielding a +0 dagger
              (2 damage)
             ... on level 1 of the Dungeon.
             The game lasted 00:00:15 (194 turns).

Newt the Shooter (Kobold Hunter)                     Turns: 194, Time: 00:00:16

Health: -1/17      AC:  3    Str:  8    XL:     2   Next: 70%
Magic:  2/2        EV: 14    Int: 10    God:
Gold:   18         SH:  0    Dex: 18    Spells: 1/1 levels left

rFire   . . .      SeeInvis +    a - +0 shortbow
rCold   . . .      Faith    .    (shield currently unavailable)
rNeg    . . .      Spirit   .    c - +0 leather armour
rPois   .          Reflect  .    (no helmet)
rElec   .          Harm     .    (no cloak)
rCorr   .          Rampage  .    (no gloves)
Will    .....                    (no boots)
Stlth   +++                      (no amulet)
HPRegen 0.22/turn                e - ring of see invisible
MPRegen 0.08/turn                (no ring)

@: no status effects
A: small, no large weapons, nightstalker 3
a: no special abilities


You were on level 1 of the Dungeon.
You visited 1 branch of the dungeon, and saw 1 of its levels.

You collected 18 gold pieces.

Inventory:

Hand Weapons
 a - a +0 shortbow (weapon)
Armour
 c - a +0 leather armour (worn)
Jewellery
 e - a ring of see invisible (left hand)
Scrolls
 b - a scroll of immolation
Potions
 d - 2 potions of brilliance {unknown}


   Skills:
 - Level 2.1 Fighting
 + Level 6.2 Ranged Weapons
 - Level 2.4 Dodging
 - Level 1.3 Stealth


You had one spell level left.
You didn't know any spells.
Your spell library was empty.

Dungeon Overview and Level Annotations

Branches:
Dungeon (1/15)

Altars:


Innate Abilities, Weirdness & Mutations

You are small and have problems with some larger weapons.
You are completely attuned to the shadows.


Message History

A hobgoblin comes into view.
You are too injured to fight recklessly!
You are too injured to fight recklessly!
You are too injured to fight recklessly!
You are too injured to fight recklessly!
You are too injured to fight recklessly!
You are too injured to fight recklessly!
You are too injured to fight recklessly!
You are too injured to fight recklessly!
You are too injured to fight recklessly!
You are too injured to fight recklessly!
You are too injured to fight recklessly!
You are too injured to fight recklessly!
You are too injured to fight recklessly!
You are too injured to fight recklessly!
You are too injured to fight recklessly!
You are too injured to fight recklessly!
You are too injured to fight recklessly!
You are too injured to fight recklessly!
You are too injured to fight recklessly!
You are too injured to fight recklessly!
You are too injured to fight recklessly!
Unknown command.
You shoot an arrow. The arrow closely misses the rat.
A bat comes into view.
The jackal bites you. The goblin hits you with a +0 dagger.
* * * LOW HITPOINT WARNING * * *
The goblin barely misses you. The rat bites you.
* * * LOW HITPOINT WARNING * * *
The jackal closely misses you.
The bat moves out of view.
You shoot an arrow. The arrow barely misses the rat.
The jackal closely misses you. The goblin barely misses you.
The goblin hits you with a +0 club.
* * * LOW HITPOINT WARNING * * *
The rat closely misses you.
The jackal bites you but does no damage.
You shoot an arrow.
The arrow hits the rat but does no damage.
The goblin hits you with a +0 dagger.
You die...

# # # # #####
#......... ....
.##.###.........
.†.#
#>...##........#
h..
......##.......##h#
#....## #....#.r@g#
#.#..#####.#...##g#
#.#........##..#


rg. .......######..# #b.. ####...# #..# ..# #...# #... # #...# #.### ####. .....
You could see a quokka, 2 jackals, a hobgoblin, 2 goblins, a bat and a rat.

Vanquished Creatures
  A dart slug (D:1)
  A hobgoblin (D:1)
  5 jackals (D:1)
  A quokka (D:1)
  3 ball pythons (D:1)
  2 rats (D:1)
13 creatures vanquished.

Notes
Turn   | Place    | Note
-------+----------+-------------------------------------------
     0 | D:1      | Newt the Kobold Hunter began the quest for the Orb.
     0 | D:1      | Reached XP level 1. HP: 12/12 MP: 1/1
    84 | D:1      | Reached XP level 2. HP: 13/17 MP: 2/2
   152 | D:1      | Reached skill level 6 in Ranged Weapons
   194 | D:1      | Slain by a goblin

Illustrated notes

Levels and vault maps discovered:
D:1:      lemuel_arrival_tunnels, layout_loops_ring,
          hellmonk_ecumenical_altar_heavens_door

Skill      XL: |  1  2 |
---------------+-------+-----
Ranged Weapons | 6 |  6.2
Fighting       | |  2.1
Dodging        | |  2.4
Stealth        | |  1.3

Action                   || total
-------------------------++-------
 Fire: Shortbow          ||    29
Armor: Leather armour    ||     4
Dodge: Dodged            ||    27

Table legend: (Time is in decaauts)
 A = Elapsed time spent in this place.
 B = Non-inter-level travel time spent in this place.
 C = Inter-level travel time spent in this place.
 D = Time resting spent in this place.
 E = Time spent auto-exploring this place.
 F = Levels seen in this place.
 G = Mean time per level.
                   A        B        C        D        E       F      G
               +--------+--------+--------+--------+--------+-----+--------+
         Total |    200 |    200 |      0 |      0 |    154 |   1 |  200.0 |
       Dungeon |    200 |    200 |      0 |      0 |    154 |   1 |  200.0 |
               +--------+--------+--------+--------+--------+-----+--------+

Top non-repeatable levels by time:
     D:1: 200 daAuts
